 Dungeon Crawl Stone Soup version 0.24.0-123-gd5b16e6ec5 (webtiles) character file.

Game seed: 7136480762982586461, levelgen mode: deterministic

1509 DeadFury222 the Slicer (level 9, -1/55 HPs)
             Began as a Kobold Berserker on Jan 13, 2020.
             Was an Elder of Trog.
             Slain by a worker ant (2 damage)
             ... on level 6 of the Dungeon.
             The game lasted 00:19:04 (6177 turns).

DeadFury222 the Slicer (Kobold Berserker)           Turns: 6177, Time: 00:19:04

Health: -1/55      AC: 14    Str: 22    XL:     9   Next: 9%
Magic:  9/9        EV: 13    Int:  9    God:    Trog [****..]
Gold:   218        SH:  0    Dex: 14    Spells: 8/8 levels left

rFire    . . .     SeeInvis .   a - +0 short sword
rCold    . . .     Gourm    .   (shield restricted)
rNeg     . . .     Faith    .   x - +4 chain mail
rPois    .         Spirit   .   (no helmet)
rElec    .         Reflect  .   g - +0 cloak
rCorr    .         Harm     .   (no gloves)
MR       .....                  (no boots)
Stlth    ..........             (no amulet)
HPRegen  0.18/turn              (no ring)
MPRegen  0.11/turn              (no ring)

@: mighty, lethally poisoned (-1 -> -30), berserk cooldown, hasted and slowed
A: small, carnivore
a: Berserk, Trog's Hand, Brothers in Arms, Renounce Religion


You were on level 6 of the Dungeon.
You worshipped Trog.
Trog was greatly pleased with you.
You were full.

You visited 1 branch of the dungeon, and saw 6 of its levels.
You also visited: Sewer.

You collected 218 gold pieces.

Inventory:

Hand Weapons
 a - a +0 short sword (weapon)
Missiles
 r - 47 bolts
 t - 121 arrows
 y - 7 atropa-tipped darts (quivered)
 A - 3 poisoned darts
Armour
 b - the cursed +0 scale mail "Doysuirch" {rC+ Int-5 Dex+7 Slay+2, unknown}
   (You found it on level 4 of the Dungeon)

   It affects your intelligence (-5).
   It affects your dexterity (+7).
   It affects your accuracy and damage with ranged weapons and melee attacks
   (+2).
   It protects you from cold.
   It has a curse placed upon it.
 g - a +0 cloak (worn)
 x - a +4 chain mail (worn)
Jewellery
 q - an uncursed ring of protection from cold {unknown}
Wands
 p - a wand of iceblast (11)
 C - a wand of polymorph (9)
Scrolls
 d - 2 scrolls of fear {unknown}
 f - a scroll of noise {unknown}
 j - 2 scrolls of random uselessness {unknown}
 k - 4 scrolls of teleportation {unknown}
 n - 5 scrolls of remove curse
 o - 2 scrolls of blinking {unknown}
 s - a scroll of magic mapping {unknown}
 u - a scroll of amnesia {unknown}
 v - 2 scrolls of enchant armour {unknown}
 E - a scroll of fog {unknown}
 F - a scroll of identify {unknown}
Potions
 e - 3 potions of might
 h - a potion of magic {unknown}
 i - 4 potions of flight {unknown}
 l - a potion of lignification {unknown}
 m - 3 potions of haste
 w - a potion of invisibility {unknown}
 z - a potion of curing {unknown}
 B - a potion of heal wounds {unknown}
 D - a potion of resistance {unknown}
Comestibles
 c - 9 rations


   Skills:
 + Level 6.1 Fighting
 * Level 9.7 Short Blades
 + Level 4.2 Armour
 + Level 6.2 Dodging


You had 8 spell levels left.
You didn't know any spells.
Your spell library was empty.

Dungeon Overview and Level Annotations

Branches:
Dungeon (6/15)             Temple (0/1) D:5           Sewer (visited)

Altars:
Dithmenos
Trog


Innate Abilities, Weirdness & Mutations

You are small and have problems with some larger weapons.
You are carnivorous and can eat meat at any time.


Message History

You see here a water moccasin corpse.
You feel sick. The wyvern skeleton closely misses you.
The wyvern skeleton bites you!
* * * LOW HITPOINT WARNING * * *
You hit the worker ant.
The worker ant is moderately wounded.
* * * LOW HITPOINT WARNING * * *
You feel sick. The worker ant bites you.
* * * LOW HITPOINT WARNING * * *
You are more poisoned.
The worker ant poisons you!
* * * LOW HITPOINT WARNING * * *
You feel very sick. The worker ant misses you.
The wyvern skeleton bites you but does no damage.
You see here an arrow.
* * * LOW HITPOINT WARNING * * *
You feel very sick. The worker ant bites you.
You die...

#..............
#..............
#..............
#......))......
########.##)########.##
........)))(...........
#.###.##.##...ZZ####.#
#....######a# #....#
#@# +..... #.# #.....
(.. #...#.. ...## ....
.. ###.# ##... .#. #.#
#.. #..


You could see a worker ant, a centaur zombie and a wyvern skeleton.

Vanquished Creatures
  A water moccasin (D:6)
  An ice beast (D:5)
  A sky beast (D:6)
  2 ogres
  2 centaurs
  A big kobold (Sewer)
  Blork the orc (D:4)
  2 howler monkeys
  A crimson imp (D:5)
  4 hounds (D:5)
  2 jellies
  4 orc priests
  2 worker ants (D:5)
  A hound skeleton (D:5)
  2 worker ant zombies
  3 gnolls (D:4)
  9 adders
  An ooze (D:3)
  4 worms
  3 dart slugs
  5 leopard geckos
  15 orcs
  10 bats
  8 giant cockroaches
  6 hobgoblins
  9 jackals
  A quokka (D:2)
  5 ball pythons
  6 frilled lizards
  10 goblins
  14 kobolds
  12 rats
148 creatures vanquished.

Notes
Turn   | Place    | Note
-------+----------+-------------------------------------------
     0 | D:1      | DeadFury222 the Kobold Berserker began the quest for the
                  | Orb.
     0 | D:1      | Reached XP level 1. HP: 14/14 MP: 1/1
   328 | D:1      | Reached XP level 2. HP: 19/19 MP: 2/2
   851 | D:1      | Reached XP level 3. HP: 23/23 MP: 3/3
   932 | D:1      | Reached ** piety under Trog
  1358 | D:2      | Reached XP level 4. HP: 20/29 MP: 4/4
  1527 | D:2      | Reached skill level 5 in Short Blades
  1961 | D:2      | Reached XP level 5. HP: 17/33 MP: 5/5
  2425 | D:3      | Found a shadowy altar of Dithmenos.
  2779 | D:3      | Reached *** piety under Trog
  3553 | D:4      | Found a bloodstained altar of Trog.
  3659 | D:4      | Reached skill level 6 in Short Blades
  3659 | D:4      | Reached XP level 6. HP: 38/38 MP: 6/6
  3692 | D:4      | Got a slimy scale mail
  3729 | D:4      | Received a gift from Trog
  3737 | D:4      | Noticed Blork the orc
  3739 | D:4      | Noticed an ogre
  3750 | D:4      | Killed an ogre
  3758 | D:4      | Killed Blork the orc
  3875 | D:4      | Reached XP level 7. HP: 44/44 MP: 7/7
  3887 | D:4      | Reached skill level 7 in Short Blades
  4483 | D:4      | You fall into a shaft and drop 1 floor!
  4483 | D:5      | Entered Level 5 of the Dungeon
  4515 | D:5      | Reached skill level 5 in Fighting
  4665 | D:5      | Reached skill level 8 in Short Blades
  4665 | D:5      | Reached skill level 5 in Dodging
  4665 | D:5      | Reached XP level 8. HP: 49/49 MP: 8/8
  4945 | D:5      | Found a glowing drain.
  4975 | Sewer    | Entered a sewer
  5114 | Sewer    | Reached **** piety under Trog
  5201 | Sewer    | Found a white marble altar of Elyvilon.
  5504 | D:5      | Found a staircase to the Ecumenical Temple.
  5884 | D:6      | Reached skill level 9 in Short Blades
  6144 | D:6      | Reached XP level 9. HP: 55/55 MP: 9/9
  6177 | D:6      | HP: 1/55 [poisoned by a worker ant]
  6177 | D:6      | Slain by a worker ant

Levels and vault maps discovered:
D:1:      dpeg_arrival_pond, layout_basic
D:2:      layout_rooms
D:3:      minmay_razor_zed, layout_rooms, first_ration,
          grunt_dithmenos_smoke_and_mirrors
D:4:      layout_basic, overflow_temple_1_default, st_stairs_7,
          uniq_blork_the_orc
D:5:      layout_rooms, minmay_temple_entry_grid, cheibrodos_sewer_entry_bend
D:6:      layout_basic, serial_shops, shop,
          nicolae_shop_temple_entry_statues_fountains, nicolae_shop_stone,
          lemuel_tele_altar

Skill      XL: |  1  2  3  4  5  6  7  8 |
---------------+-------------------------+-----
Armour         | 2 3 4 |  4.2
Dodging        | 3 4 5 6 |  6.2
Short Blades   | 5 6 8 9 |  9.7
Fighting       | 4 5 6 |  6.1

Action                   |  1- 3 |  4- 6 |  7- 9 || total
-------------------------+-------+-------+-------++-------
Melee: Short sword       |   123 |   275 |   343 ||   741
Throw: Dart              |       |     7 |       ||     7
Invok: Berserk           |     1 |     7 |     7 ||    15
  Use: Scroll            |       |     1 |       ||     1
       Potion            |       |       |     2 ||     2
  Eat: Chunk             |    11 |    14 |    12 ||    37
Armor: Animal skin       |    35 |     9 |       ||    44
       Ring mail         |       |    29 |       ||    29
       Chain mail        |       |    16 |   130 ||   146
Dodge: Dodged            |   109 |   154 |   188 ||   451
